 Dungeon Crawl Stone Soup version 0.22-a0-558-gc224181 (webtiles) character file.

294 pk666 the Magician (level 6, 0/32 HPs)
             Began as a Deep Elf Wizard on June 26, 2018.
             Succumbed to an adder's poison
             ... on level 4 of the Dungeon.
             The game lasted 00:05:32 (2939 turns).

pk666 the Magician (Deep Elf Wizard)                Turns: 2939, Time: 00:05:33

Health: 0/32       AC:  3    Str:  2 (4)  XL:     6   Next: 11%
Magic:  18/18      EV: 12    Int: 23 (25) God:
Gold:   125        SH:  0    Dex: 10 (13) Spells: 10/19 levels left

rFire    . . .     SeeInvis .   f - +3 dagger
rCold    . . .     Gourm    .   (no shield)
rNeg     . . .     Faith    .   a - +0 robe
rPois    .         Spirit   .   b - +0 hat
rElec    .         Reflect  .   m - +0 cloak
rCorr    .         Harm     .   (no gloves)
MR       .....                  (no boots)
Stlth    ++........             (no amulet)
HPRegen  0.10/turn              (no ring)
MPRegen  0.16/turn              (no ring)

@: lethally poisoned (0 -> -7), hasted, very quick
A: no striking features
a: no special abilities


You were on level 4 of the Dungeon.
You were hungry.

You visited 1 branch of the dungeon, and saw 5 of its levels.

You collected 125 gold pieces.

Inventory:

Hand Weapons
 f - a +3 dagger (weapon)
Armour
 a - a +0 robe (worn)
 b - a +0 hat (worn)
 m - a +0 cloak (worn)
Jewellery
 n - an uncursed ring of ice
Scrolls
 c - 2 scrolls of teleportation {unknown}
 h - 3 scrolls of identify {unknown}
 i - 3 scrolls of remove curse {unknown}
 j - 2 scrolls of immolation {unknown}
 l - a scroll of amnesia {unknown}
Potions
 g - 2 potions of magic
Comestibles
 d - 3 rations


   Skills:
 - Level 2.4 Dodging
 - Level 2.4 Stealth
 + Level 7.2 Spellcasting
 + Level 4.8 Conjurations
   Level 1.1 Summonings
 - Level 1.1 Translocations


You had 10 spell levels left.
You knew the following spells:

 Your Spells              Type           Power        Failure   Level  Hunger
a - Magic Dart            Conj           ####         1%          1    None
b - Blink                 Tloc           N/A          7%          2    None
c - Conjure Flame         Conj/Fire      ###.....     9%          3    None
d - Mephitic Cloud        Conj/Pois/Air  ###.....     12%         3    None

Your spell library contained the following spells:

 Spells                   Type           Power        Failure   Level  Hunger
 Slow                     Hex            #.......     12%         2    None
 Summon Horrible Things   Summ           ##........   100%        8    #######
 Call Imp                 Summ           ##......     7%          2    None
 Summon Greater Demon     Summ           ##........   100%        7    #######
 Monstrous Menagerie      Summ           ##........   100%        7    #######
 Malign Gateway           Summ/Tloc      ##........   100%        7    #######


Dungeon Overview and Level Annotations

Branches:
Dungeon (5/15)
 Temple: D:4-7

Altars:
Dithmenos

Annotations:
D:1 1 runed door
D:2 Purgy


Message History

The adder bites you.
* * * LOW HITPOINT WARNING * * *
You are poisoned.
The adder poisons you! The orc barely misses you.
You feel sick. The adder bites you.
* * * LOW HITPOINT WARNING * * *
You are more poisoned.
The adder poisons you!
It was a potion of magic.
Magic courses through your body.
* * * LOW HITPOINT WARNING * * *
You feel sick. The adder closely misses you. The orc misses you.
It was a potion of haste.
You feel yourself speed up.
* * * LOW HITPOINT WARNING * * *
You feel sick. The adder closely misses you.
A hound comes into view.
The orc completely misses you.
It was a potion of degeneration.
There was something very wrong with that liquid.
You feel weakened.
You feel dopey.
You feel clumsy.
You die...

....## #.#
.......###.#
.........##.#
...........#.##
.).........#..# ###
..†......>....#...##
...........o........
...().....>S@....[..
.........)###.......
..........# .......
.........## .......
.........# ...h...
........## .......
#..)....# .......
#####..## .......
###


You could see a hound (wandering), an adder and an orc.

Vanquished Creatures
  A sky beast (D:5)
  An orc priest (D:4)
  An orc wizard (D:4)
  A worker ant (D:5)
  A gnoll (D:1)
  3 adders
  A shadow imp (D:5)
  A worm (D:5)
  4 leopard geckos
  4 orcs
  9 giant cockroaches
  2 goblins (D:1)
  3 hobgoblins
  9 jackals (D:2)
  6 kobolds
  2 ball pythons (D:1)
  9 bats
  2 frilled lizards
  4 rats
64 creatures vanquished.

Notes
Turn   | Place    | Note
-------+----------+-------------------------------------------
     0 | D:1      | pk666 the Deep Elf Wizard began the quest for the Orb.
     0 | D:1      | Reached XP level 1. HP: 10/10 MP: 7/7
     1 | D:1      | Found a runed door.
   236 | D:1      | Reached XP level 2. HP: 15/15 MP: 5/9
   367 | D:1      | Reached skill level 5 in Spellcasting
   438 | D:1      | Reached XP level 3. HP: 9/19 MP: 7/11
   442 | D:1      | Learned a level 2 spell: Blink
   446 | D:1      | Learned a level 3 spell: Conjure Flame
   450 | D:1      | Learned a level 3 spell: Mephitic Cloud
  1418 | D:2      | Found a shadowy altar of Dithmenos.
  1699 | D:2      | Reached XP level 4. HP: 19/24 MP: 4/13
  1943 | D:3      | Noticed Purgy
  2381 | D:3      | Reached skill level 6 in Spellcasting
  2438 | D:3      | You fall through a shaft for 2 floors!
  2438 | D:5      | Entered Level 5 of the Dungeon
  2808 | D:5      | Noticed a sky beast
  2823 | D:5      | Killed a sky beast
  2823 | D:5      | Reached XP level 5. HP: 28/28 MP: 5/16
  2922 | D:4      | Reached skill level 7 in Spellcasting
  2926 | D:4      | Reached XP level 6. HP: 32/32 MP: 9/18
  2937 | D:4      | HP: 1/32 [poisoned by an adder]
  2939 | D:4      | Succumbed to an adder's poison

Vault maps used:
D:1:      dpeg_arrival_caged_fury, minmay_tromino_v4_b
D:2:      first_ration, nicolae_dithmenos_shadow_blocks
D:3:      portal_sewer_entry_e, fedhas_altar_3, uniq_purgy
D:4:      tso_metal_star, uniq_eustachio
D:5:      kennysheep_little_box

Skill      XL: |  1  2  3  4  5 |
---------------+----------------+-----
Conjurations   | 2 3 4 |  4.8
Spellcasting   | 5 6 7 |  7.2
Dodging        | |  2.4
Stealth        | |  2.4
Summonings     | |  1.1
Translocations | |  1.1

Action                   |  1- 3 |  4- 6 || total
-------------------------+-------+-------++-------
Melee: Dagger            |    12 |     4 ||    16
 Cast: Magic Dart        |    94 |    83 ||   177
       Conjure Flame     |       |     4 ||     4
  Use: Potion            |       |     3 ||     3
  Eat: Chunk             |     2 |     3 ||     5
Armor: Robe              |     3 |     7 ||    10
Dodge: Dodged            |    12 |    13 ||    25

Table legend:
 A = Spawn XP
 B = Non-spawn XP
 C = Spawn XP percentage of total XP
 D = Spawn monster count
 E = Non-spawn monster count
 F = Spawn count percentage of total count
 G = Total turns spent on level
                    A         B        C        D         E        F      G
               +---------+---------+-------+---------+---------+-------+---------
         Total |       0 |     420 |   0.0 |       0 |      64 |   0.0 |  2939
               +---------+---------+-------+---------+---------+-------+---------
           D:1 |       0 |      51 |   0.0 |       0 |      20 |   0.0 |  1317
           D:2 |       0 |      58 |   0.0 |       0 |      27 |   0.0 |  1016
           D:3 |       0 |      31 |   0.0 |       0 |       4 |   0.0 |   105
           D:4 |       0 |      89 |   0.0 |       0 |       5 |   0.0 |    25
           D:5 |       0 |     191 |   0.0 |       0 |       8 |   0.0 |   476
               +---------+---------+-------+---------+---------+-------+---------
